 Dungeon Crawl Stone Soup version 0.26-a0-8-gc4d20be (webtiles) character file.

Game seed: 2487644872306610107, levelgen mode: deterministic

25 BlueFish the Grasshopper (level 3, -13/24 HPs)
             Began as an Octopode Warper on May 24, 2020.
             Mangled by an ogre
             ... wielding a +0 giant club
              (19 damage)
             ... on level 2 of the Dungeon.
             The game lasted 00:04:22 (1019 turns).

BlueFish the Grasshopper (Octopode Warper)          Turns: 1019, Time: 00:04:23

Health: -13/24     AC:  1    Str: 11    XL:     3   Next: 6%
Magic:  4/6        EV: 14    Int: 15    God:
Gold:   36         SH:  0    Dex: 11    Spells: 2/6 levels left

rFire    . . .     SeeInvis .     - Unarmed
rCold    . . .     Gourm    .   (no shield)
rNeg     + . .     Faith    .   (helmet restricted)
rPois    .         Spirit   .   (no amulet)
rElec    .         Reflect  .   k - ring of positive energy
rCorr    .         Harm     .   m - ring of flight
MR       .....                  (no ring)
Stlth    +++.......             (no ring)
HPRegen  0.08/turn              (no ring)
MPRegen  0.10/turn              (no ring)
                                (no ring)
                                (no ring)

@: no status effects
A: almost no armour, stealthy swim, amphibious, 8 rings, constrict 8, camouflage
1, gelatinous body 1
a: Evoke Flight


You were on level 2 of the Dungeon.
You were not hungry.

You visited 1 branch of the dungeon, and saw 2 of its levels.

You collected 36 gold pieces.

Inventory:

Missiles
 c - 5 boomerangs of dispersal (quivered)
 f - 12 poisoned darts
 g - 20 stones
Jewellery
 k - a ring of positive energy (left tentacle)
 m - a ring of flight (right tentacle)
Scrolls
 b - a scroll of blinking
 e - a scroll of teleportation {unknown}
 h - a scroll of fog {unknown}
 i - 3 scrolls of identify {unknown}
 n - a scroll of remove curse {unknown}
Potions
 j - 2 potions of heal wounds {unknown}
 l - a potion of magic {unknown}
Comestibles
 a - 3 chunks of flesh
 d - 4 rations


   Skills:
 * Level 2.1 Fighting
 * Level 1.2 Throwing
 * Level 2.8 Dodging
 * Level 1.2 Stealth
 * Level 2.2 Unarmed Combat
 + Level 2.0 Spellcasting
 * Level 3.1 Translocations


You had 2 spell levels left.
You knew the following spells:

 Your Spells              Type           Power        Failure   Level  Hunger
a - Shroud of Golubria    Chrm/Tloc      #.....       17%         2    ###....
b - Blink                 Tloc           N/A          9%          2    ###....

Your spell library contained the following spells:

 Spells                   Type           Power        Failure   Level  Hunger
 Gell's Gravitas          Tloc           ##........   19%         3    ###....
 Lesser Beckoning         Tloc           ##........   19%         3    ###....
 Teleport Other           Tloc           ##......     19%         3    ###....
 Passage of Golubria      Tloc           N/A          52%         4    #####..


Dungeon Overview and Level Annotations

Branches:
Dungeon (2/15)

Altars:


Innate Abilities, Weirdness & Mutations

You cannot wear most types of armour.
You are very stealthy in the water. (Stealth+)
You are amphibious.
You can wear up to eight rings at the same time.
You can use your tentacles to constrict eight enemies at once.
Your skin changes colour to match your surroundings (Stealth+).
Your rubbery body absorbs attacks. (AC +1, EV +1)


Message History

Casting: Shroud of Golubria (safe; 17% risk of failure)
Confirm with . or Enter, or press ? or * to list all spells.
Space distorts slightly along a thin shroud covering your body.
You tentacle-slap the hobgoblin. You grab the hobgoblin.
The hobgoblin is almost dead.
You constrict the hobgoblin, but do no damage.
The hobgoblin closely misses you.
You tentacle-slap the hobgoblin.
You kill the hobgoblin!
You tentacle-slap the ogre but do no damage.
Your squeeze misses the ogre. The ogre barely misses you.
You barely miss the ogre. You squeeze the ogre.
The ogre is lightly wounded.
The ogre hits you with a +0 giant club!!
Ouch! That really hurt!
* * * LOW HITPOINT WARNING * * *
Your shroud begins to fray at the edges.
The ogre hits you with a +0 giant club!!
Ouch! That really hurt!
You die...

##### ##...##
##..<..## # #.......#
########## #)......#
.##......####.......#
.##.####......)<...##
.##.##....###..O....#
.##.#..#### #..g@...#
.##รท#.## #.......#
.##g...# ##.....##
.#..##..# ##...##
...## #..# ..### ..##
#.# ...# ... .# ...
#... . .... ..... ..


You could see an ogre and a goblin.

Vanquished Creatures
  A worm (D:2)
  A dart slug (D:1)
  A leopard gecko (D:1)
  A giant cockroach (D:1)
  A hobgoblin (D:2)
  A quokka (D:2)
  A ball python (D:1)
  3 bats
  3 frilled lizards (D:1)
  3 goblins (D:1)
  4 kobolds
  A rat (D:1)
21 creatures vanquished.

Notes
Turn   | Place    | Note
-------+----------+-------------------------------------------
     0 | D:1      | BlueFish the Octopode Warper began the quest for the Orb.
     0 | D:1      | Reached XP level 1. HP: 14/14 MP: 3/3
   158 | D:1      | Reached XP level 2. HP: 18/19 MP: 5/5
   170 | D:1      | Learned a level 2 spell: Shroud of Golubria
   173 | D:1      | Learned a level 2 spell: Blink
   405 | D:1      | Reached skill level 1 in Stealth
   869 | D:2      | Reached XP level 3. HP: 13/24 MP: 1/6
   985 | D:2      | Noticed an ogre
  1019 | D:2      | Mangled by an ogre

Illustrated notes

Levels and vault maps discovered:
D:1:      saegor_arrival_simple_b, layout_loops_cross, due_unseen_surprise
D:2:      layout_rooms

Skill      XL: |  1  2 |
---------------+-------+-----
Stealth        | 1 |  1.2
Fighting       | |  2.1
Throwing       | |  1.2
Dodging        | |  2.8
Unarmed Combat | |  2.2
Spellcasting   | |  2.0
Translocations | |  3.1

Action                   || total
-------------------------++-------
Melee: Unarmed           ||    50
       Constrict         ||    18
       Tentacles         ||     9
       Punch             ||     1
 Cast: Shroud of Golubri ||     4
 Stab: Sleeping          ||     8
  Eat: Chunk             ||     1
Armor: Skin              ||     2
Dodge: Dodged            ||    26

Table legend:
 A = Non-vault XP
 B = Vault XP
 C = Vault XP percentage of total XP
 D = Non-vault monster count
 E = Vault monster count
 F = Vault count percentage of total count
                 A         B        C        D         E       F
            +---------+---------+-------+---------+---------+-------
      Total |      37 |       0 |   0.0 |      21 |       0 |   0.0
            +---------+---------+-------+---------+---------+-------
        D:1 |      25 |       0 |   0.0 |      16 |       0 |   0.0
        D:2 |      12 |       0 |   0.0 |       5 |       0 |   0.0
            +---------+---------+-------+---------+---------+-------
